 Dungeon Crawl Stone Soup version 0.25.0-46-gbd7b0854d2 (webtiles) character file.

Game seed: 5258812655021194008

289 DerDa the Magician (level 6, -1/41 HPs)
             Began as a Mummy Wizard on July 16, 2020.
             Slain by an orc wizard
             ... wielding a +0 dagger
              (3 damage)
             ... on level 3 of the Dungeon.
             The game lasted 00:09:25 (3928 turns).

DerDa the Magician (Mummy Wizard)                   Turns: 3928, Time: 00:09:25

Health: -1/41      AC:  3    Str: 10    XL:     6   Next: 9%
Magic:  13/15      EV: 12    Int: 20    God:
Gold:   240        SH:  0    Dex: 10    Spells: 7/17 levels left

rFire    x . .     SeeInvis .   q - +0 falchion
rCold    + + .     Gourm    .   (no shield)
rNeg     + + +     Faith    .   a - +0 robe
rPois    ∞         Spirit   .   b - +0 hat
rElec    .         Reflect  .   (no cloak)
rCorr    .         Harm     .   i - +0 pair of gloves (curse)
MR       .....                  (no boots)
Stlth    ++........             (no amulet)
HPRegen  0.13/turn              k - ring of protection from cold
MPRegen  0.14/turn              (no ring)

@: no status effects
A: no food or potions, fire vulnerability, cold resistance 1, negative energy
resistance 3, torment resistance, unbreathing
a: no special abilities


You were on level 3 of the Dungeon.
You were not hungry.

You visited 1 branch of the dungeon, and saw 4 of its levels.

You collected 240 gold pieces.

Inventory:

Hand Weapons
 d - a +0 dagger
 q - a +0 falchion (weapon)
Missiles
 g - 78 bolts
 h - 39 stones (quivered)
 o - 12 poisoned darts
Armour
 a - a +0 robe (worn)
 b - a +0 hat (worn)
 i - a cursed +0 pair of gloves (worn)
Jewellery
 k - a ring of protection from cold (left hand)
Wands
 l - a wand of random effects (20)
Scrolls
 c - 3 scrolls of remove curse {unknown}
 e - 4 scrolls of identify {unknown}
 f - a scroll of amnesia {unknown}
 j - 3 scrolls of magic mapping {unknown}
 m - a scroll of immolation {unknown}
 n - a scroll of enchant armour {unknown}
 p - a scroll of fog {unknown}


   Skills:
 - Level 1.5 Dodging
 - Level 1.5 Stealth
 * Level 6.0 Spellcasting
 * Level 3.1 Conjurations
 - Level 0.7 Summonings
 - Level 0.7 Translocations
 + Level 1.5 Air Magic
 + Level 1.4 Poison Magic


You had 7 spell levels left.
You knew the following spells:

 Your Spells              Type           Power        Failure   Level  Hunger
a - Magic Dart            Conj           ###.         3%          1    N/A
b - Mephitic Cloud        Conj/Pois/Air  ##......     14%         3    N/A
c - Call Imp              Summ           #.......     12%         2    N/A
d - Slow                  Hex            #.......     16%         2    N/A
q - Blink                 Tloc           N/A          12%         2    N/A

Your spell library contained the following spells:

 Spells                   Type           Power        Failure   Level  Hunger
 Conjure Flame            Conj/Fire      ##......     17%         3    N/A

Dungeon Overview and Level Annotations

Branches:
Dungeon (4/15)             Temple (0/1) D:4

Altars:
Elyvilon
Yredelemnul


Innate Abilities, Weirdness & Mutations

You do not eat or drink.
Your flesh is vulnerable to fire.
You are immune to poison.
Your flesh is cold resistant. (rC+)
You are immune to negative energy. (rN+++)
You are immune to unholy pain and torment.
You can survive without breathing.


Message History

A puff of flame appears from out of thin air!
The puff of flame hits you! The fire burns you terribly!
* * * LOW HITPOINT WARNING * * *
Casting: Magic Dart (safe; 3% risk of failure)
Confirm with . or Enter, or press ? or * to list all spells.
You can't see any susceptible monsters within range! (Use Z to cast anyway.) Unknown command.
Casting: Magic Dart (safe; 3% risk of failure)
Confirm with . or Enter, or press ? or * to list all spells.
Aiming: Magic Dart (safe; 3% risk of failure)
Press: ? - help, Shift-Dir - straight line The magic dart hits something.
You hear some strange, mumbled words.
Something tries to affect you, but you resist.
You barely miss something. Something hits you but does no damage.
You barely miss something. Something hits you.
* * * LOW HITPOINT WARNING * * *
Unknown command.
You miss something. Something hits you.
You die...

#####.###.....# #.....#
#.......###### #.....#
#.##.##.# #.....#
#.##.##.### ##.####
#.##......######## #.#
#.#####.#.#......# #.#
#.#####.#.#.####.# #.#
#.......#.#.####.###.#
###########.#.##@{.....#
..# #..<..[#.##### #.##
###.####.# ...# #...<..#
#..# ######## #..# ##.#
##.# ...#


There were no monsters in sight!

Vanquished Creatures
  An ogre (D:4)
  An orc priest (D:3)
  An orc wizard (D:3)
  7 adders
  2 oozes
  3 leopard geckos
  10 orcs
  A ball python (D:2)
  A bat (D:1)
  5 giant cockroaches
  2 gnoll zombies (D:2)
  6 hobgoblins
  6 kobolds
  4 quokkas
  A frilled lizard (D:2)
  10 goblins
  9 rats
70 creatures vanquished.

Notes
Turn   | Place    | Note
-------+----------+-------------------------------------------
     0 | D:1      | DerDa the Mummy Wizard began the quest for the Orb.
     0 | D:1      | Reached XP level 1. HP: 13/13 MP: 5/5
   145 | D:1      | Reached skill level 1 in Conjurations
   325 | D:1      | Reached XP level 2. HP: 19/19 MP: 2/7
  1031 | D:2      | Reached XP level 3. HP: 22/24 MP: 0/9
  1036 | D:2      | Learned a level 3 spell: Mephitic Cloud
  1039 | D:2      | Learned a level 2 spell: Call Imp
  1042 | D:2      | Learned a level 2 spell: Slow
  1045 | D:2      | Learned a level 2 spell: Blink
  1478 | D:2      | Reached skill level 5 in Spellcasting
  1717 | D:2      | Reached XP level 4. HP: 30/30 MP: 6/11
  2281 | D:2      | Found a basalt altar of Yredelemnul.
  2411 | D:3      | Found a white marble altar of Elyvilon.
  2610 | D:3      | Reached skill level 1 in Air Magic
  2610 | D:3      | Reached XP level 5. HP: 25/35 MP: 0/12
  2706 | D:3      | Reached skill level 1 in Poison Magic
  3529 | D:4      | Found a staircase to the Ecumenical Temple.
  3529 | D:4      | Noticed an ogre
  3543 | D:4      | Killed an ogre
  3543 | D:4      | Reached skill level 6 in Spellcasting
  3543 | D:4      | Reached XP level 6. HP: 8/41 MP: 3/15
  3927 | D:3      | HP: 1/41 [something (5)]
  3928 | D:3      | Slain by an orc wizard

Illustrated notes

Levels and vault maps discovered:
D:1:      lemuel_arrival_river_ford, layout_basic
D:2:      layout_basic, lemuel_zombie_altar_yredelemnul, first_ration,
          st_stairs_3
D:3:      layout_loops_cross, elyvilon_altar_5, minmay_vboxes
D:4:      layout_basic, minmay_temple_entry_stoned_glass

Skill      XL: |  1  2  3  4  5 |
---------------+----------------+-----
Conjurations   | 1 2 3 |  3.1
Spellcasting   | 5 6 |  6.0
Air Magic      | 1 |  1.5
Poison Magic   | 1 |  1.4
Dodging        | |  1.5
Stealth        | |  1.5
Summonings     | |  0.7
Translocations | |  0.7

Action                   |  1- 3 |  4- 6 || total
-------------------------+-------+-------++-------
Melee: Unarmed           |     4 |       ||     4
       Dagger            |    47 |     2 ||    49
       Falchion          |       |    10 ||    10
 Cast: Magic Dart        |    83 |   122 ||   205
       Mephitic Cloud    |       |     2 ||     2
 Stab: Sleeping          |       |     1 ||     1
Armor: Robe              |     9 |     6 ||    15
Dodge: Dodged            |    58 |    21 ||    79
       Rpst.: Falchion   |       |     8 ||     8
